 Dungeon Crawl Stone Soup version 0.30-a0-782-ge64f9170bb (webtiles) character file.

Game seed: 4144369777490255984

100 Monkooky the Shooter (level 4, -1/26 HPs)
             Began as a Tengu Hunter on Feb 19, 2023.
             Was a Follower of the Shining One.
             Slain by Edmund
             ... wielding a +3 flail of holy wrath
              (7 damage)
             ... on level 4 of the Dungeon.
             The game lasted 00:03:06 (2282 turns).

Monkooky the Shooter (Tengu Hunter)                 Turns: 2282, Time: 00:03:06

Health: -1/26      AC:  4    Str: 12    XL:     4   Next: 73%
Magic:  5/5        EV: 12    Int:  9    God:    the Shining One [*.....]
Gold:   73         SH:  0    Dex: 19    Spells: 3/3 levels left

rFire   . . .      SeeInvis .    a - +0 shortbow
rCold   . . .      Faith    .    (shield currently unavailable)
rNeg    . . .      Spirit   .    c - +0 leather armour
rPois   .          Reflect  .    (helmet restricted)
rElec   .          Harm     .    (no cloak)
rCorr   .          Rampage  .    n - +0 pair of gloves
Will    .....                    (boots unavailable)
Stlth   +                        (no amulet)
HPRegen 0.24/turn                (no ring)
MPRegen 0.09/turn                (no ring)

@: glowing
A: beak, talons 3
a: Renounce Religion, Divine Shield


You were on level 4 of the Dungeon.
You worshipped the Shining One.
The Shining One was aware of your devotion.
You visited 1 branch of the dungeon, and saw 4 of its levels.

You collected 125 gold pieces.
You spent 52 gold pieces at shops.

Inventory:

Hand Weapons
 a - a +0 shortbow (weapon)
Armour
 c - a +0 leather armour (worn)
 n - a +0 pair of gloves (worn)
Jewellery
 g - a ring of ice
Scrolls
 b - a scroll of immolation
 d - a scroll of magic mapping
 e - a scroll of silence {unknown}
 f - 2 scrolls of teleportation
 i - a scroll of poison
 k - a scroll of vulnerability
 l - 2 scrolls of fog {unknown}
Potions
 h - 2 potions of haste
 j - 2 potions of curing
 m - a potion of heal wounds {unknown}


   Skills:
 - Level 2.0 Fighting
 * Level 6.5 Ranged Weapons
 - Level 2.1 Dodging
 - Level 1.0 Stealth


You had 3 spell levels left.
You didn't know any spells.
Your spell library was empty.

Dungeon Overview and Level Annotations

Branches:
Dungeon (4/15)
 Temple: D:4-7

Altars:
The Shining One

Shops:
D:1 ?

Annotations:
D:4 Edmund


Innate Abilities, Weirdness & Mutations

You have a beak for a mouth.
You have claws for feet.


Message History

The arrow hits the orc but does no damage.
You hear a shout!
An orc comes into view. It is wielding a +0 short sword.
You shoot an arrow. The arrow hits the orc!
You kill the orc!
The orc throws a boomerang.
The boomerang misses you.
Edmund the Younger comes into view.
He is wielding a +3 flail of holy wrath.
You shoot an arrow. The arrow hits the orc.
The orc is almost dead.
You shoot an arrow. The arrow hits the orc.
You kill the orc!
You shoot an arrow.
The arrow hits the orc but does no damage.
You shoot an arrow. The arrow barely misses the orc. x2
The arrow completely misses Edmund.
You shoot an arrow.
The arrow hits the orc but does no damage.
The orc hits you with a +0 club. x2
You shoot an arrow. The arrow hits the orc.
The orc is moderately wounded.
The orc hits you with a +0 club.
You shoot an arrow. The arrow hits the orc.
You kill the orc!
You shoot an arrow. The arrow hits the orc.
The orc is almost dead.
The orc misses you.
You shoot an arrow. The arrow hits the orc.
You kill the orc!
Edmund hits you with a +3 flail of holy wrath.
There is an open door here.
Press: ? - help, v - describe, . - travel
Here: Edmund, wielding a +3 flail of holy wrath and wearing a +0 leather armour (haloed)
The floor.
Edmund attacks as you move away! Edmund barely misses you.
Edmund attacks as you move away!
Edmund hits you with a +3 flail of holy wrath!
* * * LOW HITPOINT WARNING * * *
Edmund attacks as you move away!
Edmund hits you with a +3 flail of holy wrath!
You die...

#....####........
####................
#...................
#....#.####.........
#....#.#..<.........
#....#.#............
#....#.#.....####.##
#....#.##.#..# ...
#)..@#....#... ##
#...@#######.##
#....'.))))....
#....#######.##
######


You could see Edmund.

Vanquished Creatures
  4 adders
  2 worms
  2 dart slugs (D:1)
  4 orcs (D:4)
  4 ball pythons
  2 endoplasms
  5 giant cockroaches
  6 goblins
  4 hobgoblins
  2 quokkas (D:1)
  8 bats
  2 frilled lizards
  A kobold (D:3)
  A rat (D:1)
47 creatures vanquished.

Notes
Turn   | Place    | Note
-------+----------+-------------------------------------------
     0 | D:1      | Monkooky the Tengu Hunter began the quest for the Orb.
     0 | D:1      | Reached XP level 1. HP: 12/12 MP: 2/2
   283 | D:1      | Found a faded altar of an unknown god.
   291 | D:1      | Reached XP level 2. HP: 17/17 MP: 3/3
   300 | D:1      | Reached skill level 5 in Ranged Weapons
   303 | D:1      | Prayed at the altar of an unknown god.
   303 | D:1      | Became a worshipper of the Shining One
   303 | D:1      | Reached * piety under the Shining One
   403 | D:1      | Found Vibalir's Magic Scroll Shop.
   453 | D:1      | Bought a scroll of poison for 52 gold pieces
   763 | D:2      | Reached XP level 3. HP: 21/21 MP: 4/4
  1152 | D:3      | Reached skill level 6 in Ranged Weapons
  1152 | D:3      | Reached XP level 4. HP: 26/26 MP: 5/5
  1438 | D:3      | Noticed a black bear
  2268 | D:4      | Noticed Edmund
  2282 | D:4      | Slain by Edmund

Illustrated notes

Levels and vault maps discovered:
D:1:      lemuel_arrival_river_ford, layout_basic,
          hellmonk_ecumenical_altar_arch_garden, serial_shops,
          nicolae_shop_waterfront
D:2:      layout_basic, minivault_26, hangedman_decor_opposing
D:3:      layout_basic, grunt_decor_cap
D:4:      layout_basic, minmay_misc_feat_roman, grunt_ministairs_8,
          uniq_eustachio, uniq_edmund, uniq_sigmund

Skill      XL: |  1  2  3 |
---------------+----------+-----
Ranged Weapons | 5 6 |  6.5
Fighting       | |  2.0
Dodging        | |  2.1
Stealth        | |  1.0

Action                     |  1- 3 |  4- 6 || total
---------------------------+-------+-------++-------
   Fire: Shortbow          |    65 |    54 ||   119
    Use: Scroll            |     4 |       ||     4
         Potion            |       |     1 ||     1
 Armour: Leather armour    |     5 |     7 ||    12
  Dodge: Dodged            |    12 |    26 ||    38

Table legend: (Time is in decaauts)
 A = Elapsed time spent in this place.
 B = Non-inter-level travel time spent in this place.
 C = Inter-level travel time spent in this place.
 D = Time resting spent in this place.
 E = Time spent auto-exploring this place.
 F = Levels seen in this place.
 G = Mean time per level.
                   A        B        C        D        E       F      G
               +--------+--------+--------+--------+--------+-----+--------+
         Total |   2317 |   2234 |     83 |      0 |   1896 |   4 |  579.2 |
       Dungeon |   2317 |   2234 |     83 |      0 |   1896 |   4 |  579.2 |
               +--------+--------+--------+--------+--------+-----+--------+

Top non-repeatable levels by time:
     D:3: 1085 daAuts
     D:1: 716 daAuts
     D:2: 467 daAuts
     D:4: 47 daAuts
